 Dungeon Crawl Stone Soup version 0.19-a0-1019-g9c6a58d (webtiles) character file.

6083 Herrn the Chopper (level 10, -11/68 HPs)
             Began as an Octopode Fire Elementalist on July 26, 2016.
             Was a High Priest of Cheibriados.
             Mangled by a troll (12 damage)
             ... on level 9 of the Dungeon.
             The game lasted 00:41:12 (13166 turns).

Herrn the Chopper (Octopode Fire Elementalist)     Turns: 13166, Time: 00:41:13

Health: -11/68     AC:  4    Str: 19    XL:     10   Next: 88%
Magic:  6/18       EV: 18    Int: 31    God:    Cheibriados [*****.]
Gold:   32         SH:  6    Dex: 27    Spells: 4 memorised, 9 levels left

rFire  . . .     SeeInvis +     f - +1 demon whip (drain)
rCold  . . .     Gourm    .     L - +0 buckler
rNeg   + . .     Faith    .     (helmet restricted)
rPois  .         Spirit   .     p - amulet of the Four Winds {rN+ MR+++ Clar}
rElec  .         Dismiss  .     o - ring of see invisible
rCorr  .         Reflect  .     (no ring)
SustAt .         Harm     .     (no ring)
MR     +++..     Clarity  +     (no ring)
Stlth  +++++.....               (no ring)
                                (no ring)
                                (no ring)
                                (no ring)

@: very slow, extremely resistant to hostile enchantments, quite stealthy
A: almost no armour, amphibious, 8 rings, constrict 8, slimy green scales 1,
camouflage 1, blurry vision 1, shaggy fur 1, gelatinous body 1, MP-powered wands
a: Bend Time, Temporal Distortion, Slouch, Step From Time, Renounce Religion


You were on level 9 of the Dungeon.
You worshipped Cheibriados.
Cheibriados was extremely pleased with you.
You were hungry.

You visited 2 branches of the dungeon, and saw 10 of its levels.

You collected 510 gold pieces.
You spent 478 gold pieces at shops.

Inventory:

Hand Weapons
 f - a +1 demon whip of draining (weapon)
 m - a +0 hand axe
 t - a +0 blowgun
 y - a +0 morningstar
 H - a +0 whip of flaming
 K - a +0 dagger of electrocution
Missiles
 u - 30 poisoned needles
 v - 219 stones (quivered)
 B - 77 sling bullets
 J - 4 throwing nets
 M - 18 tomahawks
 O - 8 curare-tipped needles
Armour
 L - a +0 buckler (worn)
Jewellery
 o - a ring of see invisible (left tentacle)
 p - the amulet of the Four Winds (around mantle) {rN+ MR+++ Clar}
   (You bought it in a shop on level 9 of the Dungeon)

   [amulet of nothing]

   It protects you from negative energy.
   It affects your resistance to hostile enchantments.
   It protects you against confusion.
Wands
 n - a wand of acid (6/15)
 s - a wand of digging (19/24)
 R - a wand of polymorph (9/24)
 Y - a wand of confusion (31/48)
Scrolls
 c - 3 scrolls of noise {unknown}
 d - 5 scrolls of remove curse
 e - a scroll of enchant weapon {unknown}
 h - 4 scrolls of amnesia
 j - 3 scrolls of identify
 l - 2 scrolls of immolation
 C - 2 scrolls of fog {unknown}
 N - a scroll of enchant armour {unknown}
 P - a scroll of blinking {unknown}
 Q - a scroll of teleportation {unknown}
 T - a scroll of vulnerability {unknown}
 W - a scroll of random uselessness {unknown}
 Z - a scroll of fear {unknown}
Potions
 i - 2 potions of curing
 k - 2 potions of lignification {unknown}
 q - a potion of agility
 r - a potion of mutation {unknown}
 w - a potion of magic {unknown}
 x - 2 potions of degeneration {unknown}
 z - 2 potions of brilliance
 A - 3 potions of ambrosia
 E - 2 potions of might
 G - a potion of flight {unknown}
 S - a potion of cure mutation {unknown}
 U - a potion of haste {unknown}
Books
 a - a book of Flames

   Spells                             Type                      Level
   a - Flame Tongue                   Conjuration/Fire             1
   b - Throw Flame                    Conjuration/Fire             2
   c - Conjure Flame                  Conjuration/Fire             3
   d - Inner Flame                    Hexes/Fire                   3
   e - Sticky Flame                   Conjuration/Fire             4
   f - Fireball                       Conjuration/Fire             5
 X - a book of the Sky

   Spells                             Type                      Level
   a - Summon Lightning Spire         Summoning/Air                4
   b - Airstrike                      Air                          4
   c - Silence                        Hexes/Air                    5
   d - Deflect Missiles               Charms/Air                   6
   e - Conjure Ball Lightning         Conjuration/Air              6
   f - Tornado                        Air                          9
Comestibles
 b - 12 bread rations
 g - 2 meat rations
 F - 3 royal jellies
 I - 8 beef jerkies
 V - a fruit


   Skills:
 * Level 6.1 Fighting
 * Level 6.5 Axes
 * Level 5.8 Throwing
 + Level 6.3 Dodging
 - Level 5.0 Stealth
 + Level 2.0 Shields
 * Level 5.5 Spellcasting
 * Level 4.8 Conjurations
 * Level 5.9 Fire Magic
 * Level 2.0 Air Magic


You had 9 spell levels left.
You knew the following spells:

 Your Spells              Type           Power        Failure   Level  Hunger
a - Flame Tongue          Conj/Fire      #####        1%          1    None
b - Throw Flame           Conj/Fire      #####.       1%          2    None
c - Sticky Flame          Conj/Fire      #####...     10%         4    ###....
d - Summon Lightning Spi  Summ/Air       ##......     52%         4    ###....


Dungeon Overview and Level Annotations

Branches:
Dungeon (9/15)             Temple (1/1) D:5            Lair (0/6) D:8
    Orc (0/2) D:9

Altars:
Ashenzari
Cheibriados
Dithmenos
Elyvilon
Fedhas
Gozag
Hepliaklqana
Makhleb
Nemelex Xobeh
Okawaru
Pakellas
Qazlal
Ru
Sif Muna
Trog
Uskayaw
Xom
Yredelemnul
Zin
The Shining One

Shops:
D:9 =

Annotations:
D:4 Eustachio
D:6 5 runed doors


Innate Abilities, Weirdness & Mutations

You cannot wear most types of armour.
You are amphibious.
You can wear up to eight rings at the same time.
You can use your tentacles to constrict eight enemies at once.
Your skin changes colour to match your surroundings (Stealth+).
Your rubbery body absorbs attacks. (AC +1)
You are partially covered in slimy green scales. (AC +2)
Scrolls take you a little longer to read.
You are covered in fur. (AC +1)
You expend magic power (3 MP) to strengthen your wands.


Message History

Aiming: Sticky Flame
Press: ? - help, Shift-Dir - straight line, f/p - troll
Aim: a troll (heavily wounded, covered in liquid flames)
The sticky flame hits the troll.
The troll is severely wounded.
The troll is covered in liquid flames!
You are feeling hungry.
The troll burns!
The troll bites you!
* * * LOW HITPOINT WARNING * * *
You block the troll's attack. The troll claws you.
* * * LOW HITPOINT WARNING * * *
Casting: Sticky Flame
Confirm with . or Enter, or press ? or * to list all spells.
Aiming: Flame Tongue
Press: ? - help, Shift-Dir - straight line, f/p - troll
Aim: a troll (severely wounded, covered in liquid flames)
The flame tongue hits the troll.
The troll is almost dead.
The troll burns!
The troll bites you!
You die...

###...#...# .#...
###.......###..... #
.................. .#
..........###..#####.#
...##...### #.##.....#
_..###.######.##.#####.#
...# #........##.#.....#
...#########..##T#.....#
#.....# #...#@#.....#
.####.#######..#.# ....#
## #.......<....# ...#
############## ###


You could see a troll (burning).

Vanquished Creatures
  A dancing weapon (D:8)
  Pikel (D:8)
  Grinder (D:6)
  Prince Ribbit (D:7)
  4 yaks (D:9)
  A steam dragon (D:7)
  2 hippogriffs
  A soldier ant (D:6)
  Duvessa (D:4)
  2 sky beasts
  An orc warrior (D:8)
  A slave (D:7)
  A phantom (D:6)
  A black bear (D:6)
  4 ogres
  5 centaurs
  2 big kobolds
  5 giant frogs
  A gnoll sergeant (D:6)
  A water moccasin zombie (D:7)
  Dowan (D:4)
  6 scorpions
  2 jellies
  4 crimson imps
  A giant frog zombie (D:5)
  A giant frog skeleton (D:9)
  5 orc wizards
  3 orc priests
  5 hounds
  Crazy Yiuf (D:5)
  2 iguanas
  6 worker ants
  Robin (D:3)
  14 gnolls
  7 adders
  4 shadow imps
  An ooze (D:1)
  An adder skeleton (D:4)
  3 worms
  A dart slug (D:1)
  5 giant geckos
  27 orcs
  A ball python (D:8)
  10 giant cockroaches
  20 goblins
  23 hobgoblins
  7 jackals
  28 kobolds
  4 quokkas
  A ball python skeleton (D:4)
  10 bats
  3 giant newts
  A quokka skeleton (D:6)
  A quokka zombie (D:5)
  41 rats
  A fungus (D:5)
289 creatures vanquished.

Vanquished Creatures (others)
  A slave (D:8)
  An adder (D:8)
  2 gnolls (D:8)
  A giant cockroach (D:8)
  A hobgoblin (D:8)
  2 kobolds (D:8)
8 creatures vanquished.

Grand Total: 297 creatures vanquished

Notes
Turn   | Place    | Note
-------+----------+-------------------------------------------
     0 | D:1      | Herrn the Octopode Fire Elementalist began the quest for the Orb.
     0 | D:1      | Reached XP level 1. HP: 11/11 MP: 3/3
   171 | D:1      | Reached XP level 2. HP: 12/18 MP: 5/5
   306 | D:1      | Reached skill level 1 in Fighting
   654 | D:1      | Reached XP level 3. HP: 23/23 MP: 2/6
  1543 | D:2      | Found an oddly glowing altar of Pakellas.
  1601 | D:2      | Reached XP level 4. HP: 28/29 MP: 5/7
  1799 | D:2      | Found a glowing golden altar of the Shining One.
  1800 | D:2      | Found an opulent altar of Gozag.
  2715 | D:3      | Noticed Robin
  2954 | D:3      | HP: 1/29 [Robin/whip (6)]
  2970 | D:3      | Killed Robin
  2970 | D:3      | Reached XP level 5. HP: 9/34 MP: 8/8
  3251 | D:3      | Reached skill level 1 in Axes
  3627 | D:3      | Learned a level 2 spell: Throw Flame
  3632 | D:3      | Learned a level 4 spell: Sticky Flame
  4115 | D:4      | Noticed Eustachio
  4166 | D:4      | Reached XP level 6. HP: 27/39 MP: 6/10
  4384 | D:4      | Reached skill level 1 in Throwing
  4455 | D:4      | Noticed Dowan
  4487 | D:4      | Noticed Duvessa
  4519 | D:4      | Killed Duvessa
  4612 | D:4      | Reached XP level 7. HP: 45/45 MP: 11/11
  4755 | D:4      | Killed Dowan
  5350 | D:5      | Entered Level 5 of the Dungeon
  5499 | D:5      | Found a staircase to the Ecumenical Temple.
  5574 | Temple   | Entered the Ecumenical Temple
  5629 | Temple   | Became a worshipper of Cheibriados the Contemplative
  6680 | D:5      | Reached skill level 5 in Stealth
  6758 | D:5      | Reached XP level 8. HP: 50/52 MP: 13/13
  6916 | D:5      | Reached * piety under Cheibriados
  7510 | D:5      | Found a runed door.
  7515 | D:5      | Noticed Crazy Yiuf
  7522 | D:5      | Killed Crazy Yiuf
  7775 | D:6      | Found a runed door.
  7787 | D:6      | Found a runed gate.
  7791 | D:6      | Found a runed door.
  7801 | D:6      | Found a runed gate.
  7801 | D:6      | Found a runed gate.
  7802 | D:6      | Found a shadowy altar of Dithmenos.
  7908 | D:6      | Noticed Grinder
  7918 | D:6      | Paralysed by Grinder for 2 turns
  7921 | D:6      | Killed Grinder
  8000 | D:6      | Found a shattered altar of Ashenzari.
  8068 | D:6      | Reached XP level 9. HP: 42/58 MP: 15/15
  8385 | D:6      | Reached ** piety under Cheibriados
  9118 | D:6      | Reached skill level 5 in Dodging
  9126 | D:6      | Gained mutation: Scrolls take you a little longer to read. [mutagenic meat]
  9129 | D:6      | Gained mutation: You can translocate small distances at will. [mutagenic meat]
  9132 | D:6      | Gained mutation: You are covered in fur. (AC +1) [mutagenic meat]
  9135 | D:6      | Gained mutation: You expend magic power (3 MP) to strengthen your wands. [mutagenic meat]
  9138 | D:6      | Lost mutation: You can translocate small distances at will. [mutagenic meat]
  9826 | D:7      | Noticed Prince Ribbit
  9944 | D:7      | Killed Prince Ribbit
  9944 | D:7      | Reached skill level 5 in Axes
  9944 | D:7      | Reached skill level 5 in Fire Magic
 10077 | D:7      | Found a stormy altar of Qazlal.
 10428 | D:7      | Found a burning altar of Makhleb.
 10439 | D:7      | Reached *** piety under Cheibriados
 10515 | D:7      | Reached skill level 5 in Fighting
 10515 | D:7      | Reached skill level 5 in Spellcasting
 11285 | D:8      | Noticed Pikel
 11318 | D:8      | Found a staircase to the Lair.
 11350 | D:8      | Reached skill level 5 in Throwing
 11350 | D:8      | Reached XP level 10. HP: 61/66 MP: 12/17
 11446 | D:8      | Found a hazy altar of Hepliaklqana.
 11522 | D:8      | Reached skill level 1 in Shields
 11604 | D:8      | Reached **** piety under Cheibriados
 11677 | D:8      | Killed Pikel
 12083 | D:8      | Learned a level 4 spell: Summon Lightning Spire
 12295 | D:8      | Noticed a short sword of speed
 12308 | D:8      | Gained mutation: You are partially covered in slimy green scales. (AC +2) [potion of beneficial mutation]
 12314 | D:8      | Killed a short sword of speed
 12314 | D:8      | Reached skill level 1 in Air Magic
 12444 | D:8      | Reached ***** piety under Cheibriados
 13021 | D:9      | Found a staircase to the Orcish Mines.
 13032 | D:9      | Found a stormy altar of Qazlal.
 13085 | D:9      | Found Ehitwole's Jewellery Emporium.
 13093 | D:9      | Bought the amulet of the Four Winds {rN+ MR+++ Clar} for 478 gold pieces
 13165 | D:9      | HP: 1/68 [troll (3)]
 13166 | D:9      | Mangled by a troll

Vault maps used:
D:1:      noname_arrival_rooms_in_the_neighbourhood
D:2:      nicolae_overflow_hidden_temple, corexii_item_surrounded_by_moat,
          minmay_rats_cheesy_pizza
D:3:      uniq_robin
D:4:      uniq_eustachio, uniq_duvessa
D:5:      first_bread, uniq_crazy_yiuf_cottage
D:6:      evilmike_ruin_ashenzari, kennysheep_little_box,
          minmay_guarded_unrand_staff_of_olgreb, uniq_grinder
D:7:      kennysheep_mini, basic_altar, uniq_prince_ribbit1
D:8:      corexii_shantytown, nicolae_overflow_crystal_walls, lair_0_dummy,
          grunt_ogre_cave, uniq_pikel
D:9:      kennysheep_mini_moat, kiku_gazebo_garden_becter, orc_0_dummy,
          serial_co_window_serial, co_window_corner_a, co_window_cross_1,
          co_window_paths_a, co_window_corner_a, co_window_paths_a,
          co_window_corner_a, co_window_paths_a, co_window_cross_2,
          co_window_cross_4, co_window_2corner, co_window_of_opportunity_c,
          co_window_paths_e, co_window_paths_d, glass_columns_a, basic_altar,
          serial_shops, shop_fountains
Temple:   nicolae_temple_god_jail

Skill      XL: |  1  2  3  4  5  6  7  8  9 10 |
---------------+-------------------------------+-----
Fighting       | 1 2 3 4 5 6 |  6.1
Stealth        | 3 4 5 |  5.0
Axes           | 1 2 3 4 5 6 |  6.5
Spellcasting   | 3 4 5 |  5.5
Throwing       | 1 2 3 5 |  5.8
Dodging        | 3 4 5 6 |  6.3
Fire Magic     | 4 5 |  5.9
Conjurations   | 2 3 4 |  4.8
Shields        | 2 |  2.0
Air Magic      | 2 |  2.0

Action                   |  1- 3 |  4- 6 |  7- 9 | 10-12 || total
-------------------------+-------+-------+-------+-------++-------
Melee: Unarmed           |    43 |     2 |       |       ||    45
       Constrict         |    12 |    38 |    38 |    40 ||   128
       Tentacles         |    10 |    21 |    47 |    53 ||   131
       Dagger            |       |   106 |   137 |    70 ||   313
       Spear             |       |       |    13 |       ||    13
       Morningstar       |       |       |       |    50 ||    50
       Demon whip        |       |       |       |     1 ||     1
 Fire: Blowgun           |       |       |    30 |       ||    30
Throw: Stone             |       |       |     1 |       ||     1
 Cast: Flame Tongue      |    33 |   104 |   111 |    37 ||   285
       Throw Flame       |       |       |     4 |       ||     4
       Sticky Flame      |       |       |     5 |    11 ||    16
  Use: Potion            |       |     1 |     2 |     3 ||     6
       Scroll            |       |       |     7 |     1 ||     8
 Stab: Sleeping          |     7 |     9 |    17 |     9 ||    42
       Distracted        |       |       |       |     4 ||     4
  Eat: Chunk             |     2 |     9 |    18 |     4 ||    33
       Beef jerky        |       |     1 |       |       ||     1
       Pizza             |       |       |     1 |       ||     1
Armor: Skin              |     8 |     9 |    11 |     8 ||    36
Dodge: Dodged            |    31 |    68 |   124 |   109 ||   332
Block: Buckler           |       |       |    15 |    51 ||    66
